 Dungeon Crawl Stone Soup version 0.31-a0-1549-g5ff9445e89 (webtiles) character file.

Game seed: 11987795816873272027

27 innerfire43 the Sneak (level 2, -2/20 HPs)
             Began as a Demonspawn Wanderer on Jan 2, 2024.
             Was an Initiate of Ashenzari.
             Slain by Jessica
             ... wielding a +0 club
              (6 damage)
             ... on level 2 of the Dungeon.
             The game lasted 00:01:45 (715 turns).

innerfire43 the Sneak (Demonspawn Wanderer)          Turns: 715, Time: 00:01:45

Health: -2/20      AC:  3    Str: 12    XL:     2   Next: 93%
Magic:  2/2        EV: 10    Int: 10    God:    Ashenzari [......]
Gold:   50         SH:  9    Dex: 14    Spells: 1/1 levels left

rFire   . . .        a - +2 dagger
rCold   . . .        d - +0 buckler
rNeg    . . .        f - +0 leather armour
rPois   .            (no helmet)
rElec   .            (no cloak)
rCorr   .            (no gloves)
SInv    .            (no boots)
Will    .....        (no amulet)
Stlth   ++           (no ring)
HPRegen 0.23/turn    (no ring)
MPRegen 0.08/turn

%: no passive effects
@: no status effects
A: condensation shield
a: Renounce Religion, Curse Item


You were on level 2 of the Dungeon.
You worshipped Ashenzari.
Ashenzari was noncommittal.
You visited 1 branch of the dungeon, and saw 2 of its levels.

You collected 50 gold pieces.

Inventory:

Hand Weapons
 a - a +2 dagger (weapon)
 c - a +0 mace
Armour
 d - a +0 buckler (worn)
 f - a +0 leather armour (worn)
Scrolls
 b - a scroll of blinking
 e - a scroll of fog
 h - a scroll of identify {unknown}
 i - a scroll of fear {unknown}
 j - a scroll of butterflies {unknown}
Potions
 g - a potion of lignification {unknown}
 k - a potion of curing {unknown}


   Skills:
 + Level 0.8 Fighting
 * Level 0.6 Short Blades
 - Level 1.2 Maces & Flails
 - Level 4.5 Stealth
 * Level 3.1 Shields
 + Level 1.4 Evocations


You had one spell level left.
You didn't know any spells.
Your spell library was empty.

Dungeon Overview and Level Annotations

Branches:
Dungeon (2/15)

Altars:
Ashenzari

Annotations:
D:2 Jessica, Natasha


Innate Abilities, Weirdness & Mutations

A meltable shield of frost defends you. (SH +4)


Message History

There is an open door here.
You see here a +0 dagger.
There is a stone staircase leading down here.
You climb downwards.
Found a spear.
There is a stone staircase leading up here.
A kobold comes into view. It is wielding a +0 short sword.
A kobold is nearby!
A kobold is nearby!
The kobold shouts!
A kobold is nearby!
You barely miss the kobold. The kobold barely misses you.
A kobold is nearby!
You hit the kobold.
You kill the kobold!
No target in view!
Jessica the Apprentice Sorceress comes into view.
She is wielding a +0 club and wearing a +2 robe of fire resistance.
Jessica shouts!
You hear a shout! x2
Jessica is nearby!
Jessica casts a spell at you. Pain shoots through your body!
Ouch! That really hurt!
Jessica is nearby!
You are too injured to fight recklessly!
Jessica is nearby!
You are too injured to fight recklessly!
You are too injured to fight recklessly!
Jessica is nearby!
Jessica mumbles some strange words.
Jessica seems to speed up.
You hear an angry hiss.
You closely miss Jessica.
Jessica gestures wildly while chanting.
Jessica blinks!
Natasha, Servant of Life and Death comes into view.
Natasha stares at you and mumbles some strange words.
The magic dart hits you.
* * * LOW HITPOINT WARNING * * *
You hit Jessica but do no damage. Jessica hits you with a +0 club.
You die...

###### #....# #....#
#....# #....# #..).#
#
.####....#######.#.#
............@@...h.#
#..#....########.###
#..........# #
###.....##.#
#.......<..#
#.#......###
........)..
..####.##### .. ..


You could see Natasha and Jessica (fast).

Vanquished Creatures
  An endoplasm (D:1)
  A giant cockroach (D:1)
  2 goblins (D:1)
  4 hobgoblins (D:1)
  4 jackals (D:1)
  2 kobolds
  2 quokkas (D:1)
  3 frilled lizards (D:1)
  5 rats (D:1)
24 creatures vanquished.

Notes
Turn   | Place    | Note
-------+----------+-------------------------------------------
     0 | D:1      | innerfire43 the Demonspawn Wanderer began the quest for the
                  | Orb.
     0 | D:1      | innerfire43 set off with the following items: a +2 dagger,
                  | a scroll of blinking, a +0 mace, a +0 buckler, a scroll of
                  | fog, a +0 leather armour.
     0 | D:1      | Reached XP level 1. HP: 13/13 MP: 1/1
   166 | D:1      | Gained mutation: A meltable shield of frost defends you.
                  | (SH +4) [demonic ancestry]
   166 | D:1      | Reached XP level 2. HP: 10/20 MP: 2/2
   491 | D:1      | Found a faded altar of an unknown god.
   501 | D:1      | Prayed at the altar of an unknown god.
   501 | D:1      | Became a worshipper of Ashenzari the Shackled
   707 | D:2      | Noticed Jessica
   712 | D:2      | Noticed Natasha
   715 | D:2      | Slain by Jessica

Illustrated notes

Levels and vault maps discovered:
D:1:      dpeg_arrival_round_c, layout_basic, basic_ecumenical_altar,
          minmay_tromino_i2
D:2:      minmay_roachtagon, layout_basic, uniq_jessica, uniq_natasha

Skill      XL: |  1  2 |
---------------+-------+-----
Shields        | 3 |  3.1
Fighting       | |  0.8
Short Blades   | |  0.6
Maces & Flails | |  1.2
Stealth        | |  4.5
Evocations     | |  1.4

Action                     || total
---------------------------++-------
  Melee: Dagger            ||    93
   Stab: Sleeping          ||     3
 Armour: Leather armour    ||    44
  Dodge: Dodged            ||    39
  Block: Buckler           ||    33

Table legend: (Time is in decaauts)
 A = Elapsed time spent in this place.
 B = Non-inter-level travel time spent in this place.
 C = Inter-level travel time spent in this place.
 D = Time resting spent in this place.
 E = Time spent auto-exploring this place.
 F = Levels seen in this place.
 G = Mean time per level.
                   A        B        C        D        E       F      G
               +--------+--------+--------+--------+--------+-----+--------+
         Total |    718 |    659 |     59 |      0 |    487 |   2 |  359.0 |
       Dungeon |    718 |    659 |     59 |      0 |    487 |   2 |  359.0 |
               +--------+--------+--------+--------+--------+-----+--------+

Top non-repeatable levels by time:
     D:1: 701 daAuts
     D:2: 17 daAuts
